 Dungeon Crawl Stone Soup version 0.29.1-15-g9cfb28693d (webtiles) character file.

Game seed: 9424685965990947931

38 devnull the Poker (level 3, 0/27 HPs)
             Began as a Merfolk Gladiator on Mar 8, 2023.
             Slain by a goblin
             ... wielding a +0 dagger
             ... led by Robin
              (3 damage)
             ... on level 2 of the Dungeon.
             The game lasted 00:01:08 (799 turns).

devnull the Poker (Merfolk Gladiator)                Turns: 799, Time: 00:01:08

Health: 0/27       AC:  4    Str: 16    XL:     3   Next: 43%
Magic:  3/3        EV: 13    Int:  7    God:
Gold:   46         SH:  0    Dex: 15    Spells: 2/2 levels left

rFire   . . .      SeeInvis .   a - +1 trident
rCold   . . .      Faith    .   (no shield)
rNeg    . . .      Spirit   .   b - +0 leather armour
rPois   .          Reflect  .   c - +0 helmet
rElec   .          Harm     .   (no cloak)
rCorr   .          Rampage  .   (no gloves)
Will    .....                   (no boots)
Stlth   +.........              (no amulet)
HPRegen 0.09/turn               (no ring)
MPRegen 0.08/turn               (no ring)

@: about to teleport
A: (nimble swimmer 2), mertail
a: no special abilities


You were on level 2 of the Dungeon.
You visited 1 branch of the dungeon, and saw 2 of its levels.

You collected 46 gold pieces.

Inventory:

Hand Weapons
 a - a +1 trident (weapon)
Missiles
 d - 3 throwing nets (quivered)
 e - a javelin
Armour
 b - a +0 leather armour (worn)
 c - a +0 helmet (worn)
Jewellery
 k - a +6 ring of intelligence
Scrolls
 g - a scroll of enchant weapon
Potions
 f - a potion of curing {unknown}
 h - a potion of haste {unknown}
 j - a potion of heal wounds {unknown}


   Skills:
 - Level 2.1 Fighting
 + Level 5.8 Polearms
 - Level 2.0 Throwing
 - Level 4.0 Dodging


You had 2 spell levels left.
You didn't know any spells.
Your spell library contained the following spells:

 Spells                   Type           Power      Damage    Failure   Level
 Sublimation of Blood     Necr           0%         N/A       65%         2
 Wereblood                Tmut           0%         N/A       65%         2
 Summon Hydra             Summ           0%         N/A       100%        7


Dungeon Overview and Level Annotations

Branches:
Dungeon (2/15)

Altars:

Annotations:
D:2 Robin


Innate Abilities, Weirdness & Mutations

((You are very nimble when in or above water. (Stealth+, EV+, Speed+++)))
Your lower body shifts to a powerful aquatic tail in water.


Message History

The goblins go into a battle-frenzy!
The goblin hits you with a +0 dagger. The goblin attacks as you move away!
The goblin barely misses you. Robin throws the goblin at you!
The goblin hits you with a +0 dagger. The goblin attacks as you move away!
The goblin hits you with a +0 dagger. The goblin barely misses you.
Robin throws the goblin at you!
You puncture the goblin!
You kill the goblin!
The goblin hits you but does no damage. x2; Robin throws the goblin at you!
You hit the goblin.
The goblin is severely wounded.
The goblin barely misses you.
The goblin hits you with a +0 dagger. x2
You closely miss the goblin.
The goblin is severely wounded.
The goblin hits you but does no damage. The goblin closely misses you.
The goblin hits you but does no damage.
The hobgoblin hits you but does no damage.
You barely miss the goblin.
The goblin is severely wounded.
The hobgoblin hits you.
* * * LOW HITPOINT WARNING * * *
The goblin hits you but does no damage. The goblin hits you with a +0 dagger.
* * * LOW HITPOINT WARNING * * *
The goblin closely misses you.
As you read the scroll labelled SIACHU IMNAUKK, it crumbles to dust.
You feel strangely unstable.
It was a scroll of teleportation.
The hobgoblin misses you. The goblin misses you.
The goblin hits you but does no damage. The goblin hits you with a +0 dagger.
* * * LOW HITPOINT WARNING * * *
You closely miss the goblin.
The goblin is severely wounded.
The goblin hits you but does no damage. The goblin misses you.
The goblin closely misses you. The hobgoblin barely misses you.
You hit the goblin.
You kill the goblin!
The goblin no longer looks unusually strong.
The hobgoblin barely misses you. The goblin hits you with a +0 dagger.
You die...

#g..........#
#..........#
#.g.......#
##..g.....#
###g...#####
#.#gg.......
#.#gg######
#.ggg# .. #.#@##
. #.#)#########
# #<........##
######..#..###
#.........#
#....(##...
######.........#
#<†.........##.#
#####.......#


You could see Robin, 3 hobgoblins and 5 goblins.

Vanquished Creatures
  An adder (D:2)
  A dart slug (D:1)
  4 bats (D:1)
  6 endoplasms (D:1)
  A giant cockroach (D:2)
  5 goblins
  2 hobgoblins (D:1)
  A kobold (D:1)
  3 rats
24 creatures vanquished.

Notes
Turn   | Place    | Note
-------+----------+-------------------------------------------
     0 | D:1      | devnull the Merfolk Gladiator began the quest for the Orb.
     0 | D:1      | Reached XP level 1. HP: 16/16 MP: 1/1
   271 | D:1      | Reached XP level 2. HP: 22/22 MP: 2/2
   316 | D:1      | Reached skill level 5 in Polearms
   582 | D:1      | Reached XP level 3. HP: 27/27 MP: 3/3
   783 | D:2      | Noticed Robin
   799 | D:2      | Slain by a goblin

Illustrated notes

Levels and vault maps discovered:
D:1:      minmay_arrival_loop, layout_loops_cross, minmay_misc_feat_alley
D:2:      layout_basic, ebering_ecumenical_altar_sacrificial, serial_aquarium,
          aquarium_bridge_long_joined [aquarium_subvault_bridge,
          aquarium_subvault_window, aquarium_subvault_balcony,
          aquarium_subvault_bridge, aquarium_subvault_window,
          aquarium_subvault_bridge], aquarium_bridge_square
          [aquarium_subvault_bridge, aquarium_subvault_bridge,
          aquarium_subvault_wall, aquarium_subvault_bridge],
          aquarium_window_fake, aquarium_window_fake, aquarium_window_2,
          aquarium_window_1, aquarium_view_2g, aquarium_pool_corner,
          chequers_avenue, uniq_robin

Skill      XL: |  1  2 |
---------------+-------+-----
Polearms       | 5 |  5.8
Fighting       | |  2.1
Throwing       | |  2.0
Dodging        | |  4.0

Action                   || total
-------------------------++-------
Melee: Trident           ||    68
  Use: Scroll            ||     2
 Stab: Sleeping          ||     1
Armor: Leather armour    ||    22
Dodge: Dodged            ||    38
